[Event "Early-Titled-Tuesday-Blitz-February-27-2024"]
[Site "Chess.com"]
[Date "2024.02.27"]
[Round "8"]
[White "wonderfultime"]
[Black "GHANDEEVAM2003"]
[Result "1-0"]
[WhiteElo "3111"]
[BlackElo "3045"]
[TimeControl "180+1"]
[EndTime "9:28:54 PST"]
[Termination "wonderfultime won by resignation"]

1. d4 e6 2. Nf3 c5 3. c3 Nf6 4. Bf4 cxd4 5. cxd4 Qb6 6. Qc1 Nc6 7. e3 Bb4+ 8. Nbd2 d5 9. Bd3 Bd7 10. a3 Rc8 11. Qb1 Be7 12. b4 Nh5 13. Bg3 Nxg3 14.
hxg3 h6 15. O-O O-O 16. Rc1 Bd6 17. Nb3 Nb8 18. Qb2 Bb5 19. Qe2 a6 20. g4 Nd7 21. g5 hxg5 22. Nxg5 Nf6 23. Nc5 e5 24. Bxb5 axb5 25. Qf3 e4 26. Qf5 Rfd8 27. g3 Be7 28. Kg2 g6 29. Qf4 Rf8 30. Rh1 Nh5 31. Qe5 Bf6 32.
Nd7 Qd8 33. Nxf6+ Qxf6 34. Qxd5 Rfd8 35. Qxb5 Rc2 36. Raf1 Qe7 37. Qe5 Re8 38. Qxe7 Rxe7 39. g4 Nf6 40. Kg3 Kg7 41. Rc1 Ra2 42. Rc8 Rxa3 43.
Rhc1 Rb3 44. R1c7 Nd5 45. Rxe7 Nxe7 46. Rc7 Kf8 47. Rxb7 f5 48. gxf5 gxf5 49. b5 Nd5 50. Ne6+ Ke8 51. Nf4 Nc3 52. b6 Rb1 53. Nh5 Rg1+ 54.
Kf4 Kd8 55. Kxf5 Rf1 56. Ke6 Rxf2 57. Rd7+ Kc8 58. Rc7+ Kb8 59. Rxc3 Kb7 60. Nf6 Kxb6 61. Nxe4 1-0

[Event "Early-Titled-Tuesday-Blitz-February-27-2024"]
[Site "Chess.com"]
[Date "2024.02.27"]
[Round "8"]
[White "Herman-NY"]
[Black "ArtemDyachuk"]
[Result "0-1"]
[WhiteElo "2525"]
[BlackElo "2690"]
[TimeControl "180+1"]
[EndTime "9:28:54 PST"]
[Termination "ArtemDyachuk won by resignation"]

1. e4 c5 2. Nf3 d6 3. d4 cxd4 4. Nxd4 Nf6 5. Nc3 a6 6. Bc4 e6 7. a3 Be7 8. Ba2 O-O 9. Be3 Qc7 10. g4 Nc6 11. g5 Nd7 12. f4 Nxd4 13. Qxd4 b5 14. O-O-O Bb7 15. Rhf1 Rfe8 16. f5 Bf8 17. h4 Ne5 18. h5 Nc4 19. f6 Nxe3 20.
Qxe3 Qc5 21. Qg3 gxf6 22. gxf6+ Kh8 23. Qf4 Qe5 24. Qxe5 dxe5 25. Rd7 Bc6 26. Rxf7 Bh6+ 27. Kb1 Bf4 28. Rc7 Rac8 29. Rxc8 Rxc8 30. Bxe6 Rf8 31. f7 Kg7 32. Rg1+ Kf6 33. Rg8 Bh6 34. Bb3 a5 35. Rxf8 Bxf8 36. Kc1 Kg5 37. Bd5 Bd7 38. Ne2 Kxh5 39.
Kd2 Kg4 40. Ke3 h5 41. c4 h4 42. Ng1 Bc5+ 43. Ke2 Kg3 44. Kf1 h3 45. Nxh3 Bxh3+ 46. Ke2 b4 47. axb4 axb4 48. Kd3 Kf4 49. Kc2 Kg5 50.
Kb3 Bd7 51. Bb7 Kf6 52. Ba6 Kxf7 53. Bb5 Bxb5 54. cxb5 Ke6 55. Kc4 Be7 56. b6 Kd7 57. Kb5 Bd6 58. Ka6 Kc8 59. Ka7 Bc5 60. Ka6 Kb8 61. Kb5 Bd4 62. Kc6 Bxb2 0-1

[Event "Early-Titled-Tuesday-Blitz-February-27-2024"]
[Site "Chess.com"]
[Date "2024.02.27"]
[Round "8"]
[White "GAusal"]
[Black "ProChessWICTH"]
[Result "0-1"]
[WhiteElo "2309"]
[BlackElo "2514"]
[TimeControl "180+1"]
[EndTime "9:28:55 PST"]
[Termination "ProChessWICTH won by resignation"]

1. d4 Nf6 2. Nf3 g6 3. c4 Bg7 4.
Nc3 d5 5. Bg5 Ne4 6. Bh4 Nxc3 7.
bxc3 c5 8. e3 Nc6 9. cxd5 Qxd5 10. Be2 cxd4 11. cxd4 O-O 12. O-O b6 13. Bg3 Bb7 14.
Qb3 Qxb3 15. axb3 Rfc8 16. Rfc1 a5 17. Bb5 Nb4 18. Rc7 Rxc7 19. Bxc7 Nd5 20. Bg3 Rc8 21.
Bc4 e6 22. Ne5 Nc3 23. Nd7 b5 24. Bd3 a4 25. bxa4 bxa4 26. Nc5 Bc6 27. h4 Bf8 28. Ra3 Nd5 29. Be5 Bxc5 30. dxc5 Nb4 31. Bc4 Kf8 32. Bd6+ Ke8 33. h5 Kd7 34. hxg6 hxg6 35. Kf1 Ra8 36. f3 Bd5 37. Bb5+ Bc6 38. Bc4 Ra7 39. Ke2 Na6 40. Bxa6 Rxa6 41. e4 Ra5 42. Ke3 Rb5 43. g4 Rb2 44.
Kf4 f6 45. g5 fxg5+ 46. Kxg5 Rb3 47. Rxb3 axb3 48. Be5 Bb5 49. Kxg6 Be2 50. f4 Bd3 51. f5 Bxe4 52. Kf6 Bxf5 53. Kg5 Kc6 54. Bd4 Bh3 55. Kf4 Kd5 56. Ke3 Bg2 57. c6 Kxc6 58. Bb2 Bd5 59. Kd4 Kb5 60. Kc3 e5 61. Kd3 e4+ 62. Kd4 Bc6 63. Ke3 Kb4 64. Kd4 Bb7 65. Bc3+ Ka3 66. Ke3 b2 67. Bxb2+ Kxb2 68. Kd2 Kb3 69. Ke3 Kc4 70.
Kd2 Kd5 71. Ke2 Kd4 72. Kd2 e3+ 73. Ke2 Ke4 74. Ke1 Kd3 75. Kd1 Bc8 76. Ke1 e2 77.
Kf2 Kd2 78. Kf3 e1=Q 0-1

[Event "Early-Titled-Tuesday-Blitz-February-27-2024"]
[Site "Chess.com"]
[Date "2024.02.27"]
[Round "8"]
[White "edgarhay012"]
[Black "Dyadya81"]
[Result "0-1"]
[WhiteElo "2644"]
[BlackElo "2855"]
[TimeControl "180+1"]
[EndTime "9:28:58 PST"]
[Termination "Dyadya81 won by resignation"]

1. e4 c6 2. d4 d5 3. Nc3 dxe4 4.
Nxe4 Bf5 5. Ng3 Bg6 6. h4 h6 7. Nf3 Nd7 8. h5 Bh7 9. Bd3 Bxd3 10. Qxd3 e6 11. Bd2 Bd6 12. Ne4 Bc7 13. O-O-O Ngf6 14. Kb1 Nxe4 15. Qxe4 Nf6 16. Qe2 Qd5 17. Qd3 O-O-O 18. Be3 Ng4 19. c4 Qf5 20. Qxf5 exf5 21. Rhf1 Rhe8 22. Bc1 Re2 23. Rd2 Re4 24. Rd3 Nf6 25.
Rh1 Re2 26. Rd2 Rde8 27. Nh4 Rxd2 28. Bxd2 Re2 29. Be1 f4 30. Nf3 Ng4 31. Rf1 g5 32.
Kc1 Nf6 33. Rh1 Re4 34. Bc3 Re2 35. Be1 Ne4 36. Rf1 f5 37. Nd2 Nf6 38. Rh1 Nxh5 39.
Rxh5 Rxe1+ 40. Kc2 Re6 41. Nf3 Rg6 42. Kd3 Kd7 43. b4 Ke6 44. a4 Kf7 45. a5 Re6 46. Rh1 Kg6 47. Re1 Rxe1 48. Nxe1 h5 49. b5 cxb5 50. a6 bxa6 51. c5 a5 52. d5 Kf7 53. d6 Bxd6 54. cxd6 Ke6 55. Kd4 Kxd6 56. Nf3 g4 57. Nh4 a4 58. Nxf5+ Kc6 59. Kc3 a3 60. Kb3 b4 61. Nd4+ Kd5 62. Ne2 Ke4 63. g3 f3 64. Nf4 h4 65. Ne6 h3 66. Ng5+ Kd3 67. Nxh3 gxh3 68. g4 h2 69. Kxb4 h1=Q 0-1

[Event "Early-Titled-Tuesday-Blitz-February-27-2024"]
[Site "Chess.com"]
[Date "2024.02.27"]
[Round "8"]
[White "TregubovP"]
[Black "ActorXu"]
[Result "0-1"]
[WhiteElo "2677"]
[BlackElo "2839"]
[TimeControl "180+1"]
[EndTime "9:28:58 PST"]
[Termination "ActorXu won on time"]

1. e4 c5 2. Nf3 Nc6 3. Bb5 Nf6 4. O-O Nxe4 5. Re1 Nf6 6. d4 cxd4 7. Nxd4 g6 8. Nc3 Bg7 9. Bg5 O-O 10. Nf3 a6 11. Bf1 d6 12. Qd2 Bg4 13. Be2 Qa5 14. h3 Be6 15. a3 Rac8 16. b4 Qc7 17. Rab1 Ne5 18. Nxe5 Qxc3 19. Nf3 Qxd2 20. Bxd2 Rxc2 21. Be3 Rcc8 22.
Nd4 Bd7 23. Bf3 d5 24. Nb3 e6 25. Nc5 Bc6 26. Rbc1 Nd7 27. Nd3 Bb5 28. Nc5 Nxc5 29. Bxc5 Rfe8 30. g4 Bf8 31. Bd4 Bd7 32. Kg2 Rxc1 33.
Rxc1 Rc8 34. Rxc8 Bxc8 35. Be2 Bd7 36. f4 Bb5 37. Bd1 Bd6 38. Kf3 Kf8 39. Ke3 Ke7 40.
h4 f6 41. g5 e5 42. gxf6+ Kxf6 43. fxe5+ Bxe5 44. Bb6 Kf5 45. a4 Bc4 46. h5 gxh5 47.
Bxh5 Bd6 48. Bd1 Bxb4 49. Bc2+ Ke6 50. Bxh7 Bb3 51. a5 Kd6 52. Kd4 Ba3 53. Bg6 Bb2+ 54.
Kd3 Bc4+ 55. Kc2 Bf6 56. Bf5 Kc6 57. Bg6 d4 58. Be8+ Kd6 59. Bh5 Bb5 60. Bg6 Kd5 61. Bf7+ Ke4 62. Be6 d3+ 63. Kd2 Bg5+ 64. Kc3 d2 65.
Bb3 Be2 66. Bc2+ Kd5 67. Kb2 d1=Q 0-1

[Event "Early-Titled-Tuesday-Blitz-February-27-2024"]
[Site "Chess.com"]
[Date "2024.02.27"]
[Round "8"]
[White "maciek_92"]
[Black "platy3"]
[Result "1-0"]
[WhiteElo "2850"]
[BlackElo "2931"]
[TimeControl "180+1"]
[EndTime "9:29:01 PST"]
[Termination "maciek_92 won on time"]

1. e4 c5 2. Nf3 e6 3. Nc3 Nc6 4. d4 cxd4 5. Nxd4 Qc7 6. Qd3 a6 7. Nxc6 bxc6 8. Qg3 d6 9. Bd3 Nf6 10. Bd2 e5 11. O-O-O Be6 12. Kb1 a5 13. Be2 g6 14.
f4 Be7 15. Rhf1 Rb8 16. fxe5 dxe5 17. Be3 O-O 18. Bg5 Ne8 19. Bxe7 Qxe7 20. b3 f6 21. Na4 Qb4 22. Nb2 Nd6 23. c3 Qa3 24. Bg4 Bxb3 25. axb3 Qxb3 26. Rd2 Nxe4 27. Qd3 Nxd2+ 28. Qxd2 a4 29.
Bd1 Qc4 30. Be2 Qe6 31. Kc1 a3 32. Nc4 Rfd8 33. Qa2 Kg7 34. Qxa3 Ra8 35. Qc5 Ra1+ 36. Kb2 Rxf1 37. Bxf1 Rd7 38. Be2 Qf5 39. Bf3 Rb7+ 40. Ka3 Qb1 41. Ka4 Qa2+ 42. Na3 Qb3+ 43. Ka5 Rf7 44.
Bxc6 Rf8 45. Qe7+ Rf7 46. Qc5 g5 47. Bb5 Qd1 48. Qb4 Qd8+ 49. Ka4 Rb7 50. Kb3 e4 51.
c4 e3 52. Nc2 e2 53. Qc3 Qd1 54. Qe3 Rf7 55. Kc3 f5 56. c5 f4 57. Qe5+ Kh6 58.
Bxe2 Qc1 59. Qe6+ Kg7 60. Bc4 Rf8 61. Qe5+ Kh6 62. Qe6+ Kh5 63. Qh3+ Kg6 64. Bd3+ Kf6 65.
Qh6+ Ke7 66. Qd6+ Kf7 67. Bc4+ Ke8 68. Qe6+ Kd8 69. Qd6+ Ke8 70. c6 1-0

[Event "Early-Titled-Tuesday-Blitz-February-27-2024"]
[Site "Chess.com"]
[Date "2024.02.27"]
[Round "8"]
[White "IlanSchnaider"]
[Black "Leebit02"]
[Result "1-0"]
[WhiteElo "2740"]
[BlackElo "2539"]
[TimeControl "180+1"]
[EndTime "9:29:01 PST"]
[Termination "IlanSchnaider won by resignation"]

1. d4 d5 2. Nf3 Nf6 3. g3 e6 4. Bg2 Be7 5. O-O O-O 6. c4 dxc4 7. Qc2 b5 8. a4 b4 9. Ne5 c6 10. Bf4 Nd5 11. Qxc4 Ba6 12. Qc1 Bxe2 13. Re1 Ba6 14. Nxc6 Nxc6 15. Qxc6 Bd3 16. Bxd5 exd5 17. Bc7 Qe8 18.
Qxd5 Rc8 19. Bf4 Bc4 20. Qf3 Qd7 21. Nd2 Bd5 22. Qd3 Rfe8 23. f3 Bf6 24. Be5 Bg5 25. Ne4 Bh6 26. Nd6 Qc6 27. Nxc8 Rxc8 28. Kf2 Bc4 29. Qe4 Bd5 30. Qd3 Bc4 31. Qf5 Be6 32. Qe4 Bd5 33. Qe2 Bc4 34. Qc2 Qa6 35. Rad1 b3 36.
Qe4 Qxa4 37. Bf4 Bxf4 38. Qxf4 Bd5 39. Qe5 Qc6 40. Re2 f6 41. Qf4 Qd7 42. Rde1 Rc2 43.
Rxc2 bxc2 44. Rc1 Qc6 45. Qb8+ Kf7 46. Qxa7+ Kg6 47. Qc5 Qe6 48. Qxc2+ Kh6 49. Qe2 Qf5 50. Qe3+ g5 51. Rc5 Kg7 52. Qe7+ Kg6 53. Rc7 Qxf3+ 54.
Ke1 Qh1+ 55. Kd2 Qxh2+ 56. Kc1 Bf3 57. Qg7+ Kf5 58. Qd7+ Ke4 59. Qe6+ Kd3 60. Rc3+ Kxd4 61. Qxf6+ Kd5 62. Qxf3+ 1-0

[Event "Early-Titled-Tuesday-Blitz-February-27-2024"]
[Site "Chess.com"]
[Date "2024.02.27"]
[Round "8"]
[White "NM_Antelacus"]
[Black "NastyaHn"]
[Result "0-1"]
[WhiteElo "2248"]
[BlackElo "2456"]
[TimeControl "180+1"]
[EndTime "9:29:04 PST"]
[Termination "NastyaHn won by checkmate"]

1. e4 e6 2. d4 d5 3. e5 c5 4.
c3 Qb6 5. Nf3 Nc6 6. a3 c4 7. Be2 Bd7 8. O-O Na5 9. Nbd2 Ne7 10.
Ne1 O-O-O 11. f4 Kb8 12. Bg4 g6 13. Qe2 h5 14. Bh3 Bh6 15. Nc2 Ba4 16. Ne3 Nf5 17. Bxf5 gxf5 18. Kh1 Rdg8 19. Nf3 Bxf4 20. g3 Bh6 21. Nh4 Nb3 22. Rb1 Nxc1 23. Rfxc1 f4 24. gxf4 Bxf4 25. Nhg2 Bg5 26. Rf1 Rg7 27. Rf3 h4 28.
Rbf1 Be8 29. Rh3 Qd8 30. Ng4 Rhg8 31. N2e3 Bxe3 32. Nxe3 Qg5 33. Qf2 Rh7 34. Rg1 Qxg1+ 35. Qxg1 Rxg1+ 36. Kxg1 Kc7 37. Ng2 Ba4 38. Rxh4 Rg7 39.
Kf2 Bc2 40. Rh3 Be4 41. Nf4 Rg4 42. Ke3 Rg1 43. Rg3 Re1+ 44. Kf2 Rb1 45. Rg7 Rxb2+ 46.
Ke3 Rc2 47. Rxf7+ Kc6 48. Nxe6 Rxc3+ 49. Ke2 Rc2+ 50. Ke3 Rc3+ 51. Kd2 Rc2+ 52. Ke3 Rxh2 53. Nd8+ Kb5 54. Rxb7+ Ka4 55. Rxa7+ Kb3 56. e6 Rh8 57. e7 c3 58. Rc7 c2 59. Ne6 Re8 60. Kd2 Bg6 61.
Nc5+ Kxa3 62. Nb7 Kb2 63. Nd6 Rxe7 64. Rc8 Rh7 65. Rb8+ Ka3 66. Nb5+ Kb4 67. Nc7+ Kc4 68. Rc8 Rh2+ 69. Ke3 c1=Q+ 70. Kf3 Qf1+ 71. Kg4 Rg2+ 72.
Kh3 Qh1# 0-1

[Event "Early-Titled-Tuesday-Blitz-February-27-2024"]
[Site "Chess.com"]
[Date "2024.02.27"]
[Round "8"]
[White "DamianoLew95"]
[Black "Chessmissile07"]
[Result "1-0"]
[WhiteElo "2703"]
[BlackElo "2876"]
[TimeControl "180+1"]
[EndTime "9:29:07 PST"]
[Termination "DamianoLew95 won by resignation"]

1. e4 a6 2. d4 d5 3. exd5 Qxd5 4. Nc3 Qd6 5. Bc4 Nf6 6. Nge2 Qc6 7. Qd3 Qxg2 8. Ng3 Qh3 9. Bf4 g6 10. O-O-O Bh6 11. Qd2 Bxf4 12. Qxf4 O-O 13. Qxc7 Qd7 14.
Qf4 Qg4 15. Qc7 Nc6 16. h3 Qh4 17. Kb1 Ne8 18. Qb6 Nd6 19. Bb3 Bf5 20. Nd5 Rad8 21. Rhe1 Rd7 22. Ka1 e6 23. Ne3 Qd8 24. Qc5 Ne4 25.
Nxe4 Bxe4 26. c3 b6 27. Qa3 Na5 28. Ng4 Bf5 29. Ne5 Ra7 30. Qb4 Qe7 31. Ba4 Qxb4 32. cxb4 Nb7 33. Nd7 Rd8 34. Nxb6 Bxh3 35. Nc4 Nd6 36.
Ne5 Rb7 37. a3 Bf5 38. Rc1 Nb5 39. Bxb5 axb5 40. Red1 Kg7 41. Rc5 h5 42. b3 h4 43.
Kb2 h3 44. Kc3 h2 45. Rh1 Rh8 46. Kd2 Be4 47. f3 Bd5 48. Ke3 Ra7 49. Kf4 Rxa3 50. Rc7 Rf8 51. Rxh2 Rxb3 52. Rg2 Kh7 53. Rh2+ Kg7 54.
Rg2 Rxb4 55. Rxg6+ Kh7 56. Rf6 Rxd4+ 57. Ke3 Ra4 58. Nxf7 Kg7 59. Ng5+ Kxf6 60. Nh7+ Ke5 61. Nxf8 Ra3+ 62. Ke2 Bxf3+ 63. Kd2 Bd5 64. Rd7 Kd4 65. Nxe6+ Kc4 66. Rc7+ Kb3 67. Nd4+ Kb4 68. Nc2+ Ka4 69. Ra7+ Kb3 70. Rxa3+ Kb2 71. Rd3 Bc4 72. Rd4 Kb3 73. Ne3 Kb4 74. Nxc4 bxc4 75. Kc2 1-0

[Event "Early-Titled-Tuesday-Blitz-February-27-2024"]
[Site "Chess.com"]
[Date "2024.02.27"]
[Round "8"]
[White "kids2010"]
[Black "wqws"]
[Result "0-1"]
[WhiteElo "2881"]
[BlackElo "2715"]
[TimeControl "180+1"]
[EndTime "9:29:11 PST"]
[Termination "wqws won by checkmate"]

1. e4 e5 2. Nf3 Nc6 3. Bb5 a6 4. Ba4 Nf6 5. O-O b5 6. Bb3 Be7 7. Re1 O-O 8. a4 b4 9. a5 d6 10. h3 Be6 11. Bxe6 fxe6 12. d3 Qe8 13. Nbd2 Nh5 14.
Nb3 Qg6 15. d4 exd4 16. Nbxd4 Nxd4 17. Nxd4 Bh4 18. Be3 Nf4 19. Qg4 Qxg4 20. hxg4 Bf6 21.
Ra4 Bxd4 22. Bxd4 e5 23. Be3 Rab8 24. Bxf4 Rxf4 25. f3 Rb5 26. Re3 Rf8 27. Rb3 Rfb8 28. Kf2 Kf7 29. Ke2 Ke7 30. Kd2 c5 31. Re3 c4 32. b3 c3+ 33. Ke2 Rd8 34. Rd3 Kd7 35. Ra1 Kc6 36. Ke3 d5 37. Ra4 Rd6 38. exd5+ Rdxd5 39. Rxd5 Kxd5 40. Kd3 Kc5 41. Ke4 Kd6 42.
Ra1 Rd5 43. Ra4 Rd4+ 44. Ke3 Kc5 45. g3 Rd2 46. Ra2 Rg2 47. Ke4 Rxg3 48. Ra1 Rg2 49. Ra2 Rf2 50. Ke3 Rd2 51. Ke4 Kd6 52. Ke3 g6 53. Ra4 Kc5 54. Ra2 h5 55. gxh5 gxh5 56.
Ke4 h4 57. Kxe5 h3 58. Ra1 h2 59. Rh1 Rxc2 60. Ke4 Rg2 61. f4 c2 62. Rc1 Kb5 63.
Kd5 Rg1 64. Rxc2 h1=Q+ 65. Kd6 Rg6+ 66. Ke5 Qh5+ 67. f5 Rg8 68. Kd4 Rd8+ 69. Ke5 Re8+ 70. Kd6 Qxf5 71. Kc7 Qxc2+ 72. Kb7 Qc6+ 73. Ka7 Ra8# 0-1

[Event "Early-Titled-Tuesday-Blitz-February-27-2024"]
[Site "Chess.com"]
[Date "2024.02.27"]
[Round "8"]
[White "HATilay"]
[Black "Gabrielian_Artur"]
[Result "1/2-1/2"]
[WhiteElo "2636"]
[BlackElo "2787"]
[TimeControl "180+1"]
[EndTime "9:29:11 PST"]
[Termination "Game drawn by repetition"]

1. e4 c5 2. Nf3 d6 3. d4 cxd4 4. Nxd4 Nf6 5. Nc3 Nc6 6. Bg5 Bd7 7. Qd2 Rc8 8. Bxf6 gxf6 9. f4 Nxd4 10. Qxd4 Qa5 11. O-O-O Qc5 12. Qd3 f5 13. Nd5 fxe4 14.
Qxe4 Bc6 15. f5 Bh6+ 16. Kb1 Bxd5 17. Rxd5 Qe3 18. Bb5+ Kf8 19. Qxe3 Bxe3 20. f6 Rc5 21. fxe7+ Kxe7 22. Rxc5 Bxc5 23. Re1+ Kd8 24. Bc4 Re8 25. Rf1 f6 26. a3 Ke7 27. Bd5 Rb8 28. Re1+ Kf8 29.
Re6 Bd4 30. Rxd6 Be5 31. Rd7 Bxh2 32. Rxh7 Be5 33. Rxb7 Rxb7 34. Bxb7 Ke7 35. Be4 Kd6 36. c3 a5 37. a4 Kc5 38. Kc2 Bf4 39. g4 Bg5 40. Bf5 Bf4 41. Kd3 Bc1 42. b3 Bg5 43.
Bd7 Bf4 44. Bb5 Bg5 45. Kc2 Bf4 46. Kd3 Bg5 47. Bc4 Bf4 48. Bf7 Bg5 49. Ke4 Bd2 50.
Kd3 Bg5 51. Bg6 Bh6 52. Bh7 Bg5 53. Kc2 Bf4 54. Kb2 Bg5 55. Be4 Bf4 56. Bd3 Bg5 57.
Ka3 Bc1+ 58. Ka2 Bg5 59. Kb2 Bf4 60. Bf5 Bg5 61. Bd7 Bf4 62. Be8 Bg5 63. Bg6 Bf4 64. Bd3 Bg5 65. Bf1 Bf4 66. b4+ axb4 67. c4 Kb6 68. Kb3 Bd6 69. Bg2 Ka5 70. Bd5 Bc5 71.
Bc6 Bd6 72. Bb5 Bc5 73. Kc2 Bd6 74. Kb3 Bc5 75. Kc2 Bd6 76. Kb3 1/2-1/2

[Event "Early-Titled-Tuesday-Blitz-February-27-2024"]
[Site "Chess.com"]
[Date "2024.02.27"]
[Round "8"]
[White "Andreikka"]
[Black "Polish_fighter3000"]
[Result "0-1"]
[WhiteElo "2955"]
[BlackElo "3084"]
[TimeControl "180+1"]
[EndTime "9:29:12 PST"]
[Termination "Polish_fighter3000 won on time"]

1. e4 c6 2. d4 d5 3. e5 Bf5 4. h4 h5 5. Bd3 Bxd3 6. Qxd3 Qa5+ 7. Nd2 e6 8. Nf3 Nh6 9. O-O Nf5 10. Nb3 Qb5 11. Qc3 Bb4 12. Qd3 Qxd3 13. cxd3 a5 14. a4 b6 15. Bg5 Na6 16. Rac1 Kd7 17. g3 Rhc8 18. Bd2 Bxd2 19. Nfxd2 Nb4 20. Rc3 f6 21.
Re1 g5 22. exf6 g4 23. Nc1 Nxd4 24. Ne2 e5 25. Nxd4 exd4 26. Re7+ Kd6 27. Rc1 Nxd3 28. Rd1 Re8 29. Rh7 Re2 30. Nb3 Nxf2 31. Nxd4 Nxd1 32. Nxe2 Rf8 33. Rh6 Nxb2 34. Nf4 Nxa4 35. f7+ Kd7 36. Ng6 Rxf7 37. Ne5+ Ke7 38. Nxf7 Kxf7 39. Rxc6 b5 40. Ra6 Nc3 41. Rxa5 Ke6 42. Kf2 d4 43. Ra6+ Kd5 44.
Rh6 b4 45. Rxh5+ Kc4 46. Rh8 b3 47. Rc8+ Kb4 48. Rb8+ Nb5 49. Re8 b2 50. Re1 d3 51.
Ke3 Kc3 52. h5 Na3 53. Rd1 b1=Q 54. Rxb1 Nxb1 55. h6 d2 56. h7 d1=Q 57. h8=Q+ Kc2 58. Qh7+ Kc1 59. Qc7+ Kb2 60. Qb6+ Ka2 61. Qa6+ Na3 62. Qe6+ Kb2 63. Qe5+ Kb3 64. Kf4 Nc4 65. Qe4 Kc3 66. Kg5 Qd2+ 67. Kxg4 Qd7+ 68. Kf4 Qd6+ 69. Kf3 Nd2+ 0-1

[Event "Early-Titled-Tuesday-Blitz-February-27-2024"]
[Site "Chess.com"]
[Date "2024.02.27"]
[Round "8"]
[White "leclash"]
[Black "As0nchess"]
[Result "1/2-1/2"]
[WhiteElo "2423"]
[BlackElo "2537"]
[TimeControl "180+1"]
[EndTime "9:29:16 PST"]
[Termination "Game drawn by repetition"]

1. d4 Nf6 2. c4 e6 3. Nc3 Bb4 4.
Qc2 c5 5. dxc5 O-O 6. Nf3 Na6 7. e3 Nxc5 8. a3 Bxc3+ 9. Qxc3 a5 10. b4 axb4 11.
axb4 Rxa1 12. Qxa1 Nb3 13. Qc3 Nxc1 14. Qxc1 b6 15. Be2 Bb7 16. O-O Qc7 17. Qb2 Ng4 18. h3 Bxf3 19. hxg4 Bb7 20. Rc1 h6 21. c5 bxc5 22.
Rxc5 Qb6 23. g5 hxg5 24. Rxg5 f6 25. Rc5 Ra8 26. Qd4 Qd8 27. Bc4 d5 28. Bb3 Qd6 29. e4 Ra3 30. Qd3 Ra1+ 31. Bd1 Ba6 32. Qd2 Qe5 33. exd5 Qe2 34. Rc8+ Kh7 35. Qxe2 Bxe2 36. dxe6 Rxd1+ 37. Kh2 Re1 38. e7 Bb5 39. Rc7 Kg6 40.
Kg3 Kf7 41. e8=Q+ Kxe8 42. Rxg7 Re4 43. Rg4 Rxg4+ 44. Kxg4 Kf7 45. Kf4 Ke6 46. g4 Bd3 47.
Ke3 Bb5 48. f4 Ba4 49. Kd4 Bd1 50. g5 f5 51. Kc5 Kd7 52. Kd5 Bc2 53. Ke5 Kc6 54. g6 Kb5 55. g7 Bb3 56. Kxf5 Kxb4 57. Kg6 Kc5 58. f5 Kd6 59. f6 Bc2+ 60. Kg5 Bb3 61.
Kg6 Bc2+ 62. Kh6 Bb3 63. Kh7 Ke5 64. Kg6 Bc2+ 65. Kh6 Bb3 66. Kg6 Bc2+ 67. Kg5 Bb3 68. Kg6 1/2-1/2

[Event "Early-Titled-Tuesday-Blitz-February-27-2024"]
[Site "Chess.com"]
[Date "2024.02.27"]
[Round "8"]
[White "viktorgen2021"]
[Black "Iskusnyh"]
[Result "0-1"]
[WhiteElo "2525"]
[BlackElo "2682"]
[TimeControl "180+1"]
[EndTime "9:29:18 PST"]
[Termination "Iskusnyh won by checkmate"]

1. d4 d5 2. c4 c6 3. Nf3 Nf6 4. Nc3 e6 5. e3 a6 6. c5 Nbd7 7. a3 g6 8. Be2 Bg7 9. Rb1 O-O 10. b4 Re8 11. O-O e5 12. dxe5 Nxe5 13. Bb2 Bf5 14. Rc1 Nxf3+ 15. Bxf3 Qc7 16. h3 Rad8 17. Ne2 h5 18. Nd4 Bc8 19. a4 Nd7 20. b5 axb5 21. axb5 Ne5 22. Bc3 Bd7 23. Be2 Ra8 24.
Ra1 Red8 25. Qb3 Rdb8 26. f4 Nc4 27. Bxc4 dxc4 28. Qxc4 cxb5 29. Qb4 Ra4 30. Rxa4 bxa4 31. Nf3 Bxc3 32. Qxc3 Rc8 33. Rc1 Bc6 34. Ng5 Qe7 35.
Kf2 Rd8 36. Rc2 f6 37. Nf3 Kg7 38. Nd4 Be4 39. Rd2 Rc8 40. f5 gxf5 41. Qc4 Kg6 42.
Ne6 Re8 43. Nf4+ Kh6 44. Qe2 Qf7 45. Rd6 Re7 46. Nxh5 Qxh5 47. Rxf6+ Kg5 48. Qxh5+ Kxh5 49. Rb6 Rc7 50. Rb4 a3 51. Ra4 Rxc5 52. Rxa3 Rc2+ 53. Kg3 Rxg2+ 54. Kf4 Rf2+ 55. Kg3 Rf3+ 56. Kh2 b5 57. Rb3 Kh4 58. Rxb5 Rf2+ 59. Kg1 Kg3 60. Rb8 Rg2+ 61. Kf1 Kf3 62. Rf8 Rh2 63. h4 Kxe3 64. Rh8 Rh1# 0-1

[Event "Early-Titled-Tuesday-Blitz-February-27-2024"]
[Site "Chess.com"]
[Date "2024.02.27"]
[Round "8"]
[White "DrCeltic"]
[Black "Slovineanu"]
[Result "0-1"]
[WhiteElo "2573"]
[BlackElo "2481"]
[TimeControl "180+1"]
[EndTime "9:29:23 PST"]
[Termination "Slovineanu won by resignation"]

1. e4 e6 2. d4 d5 3. Nc3 Nf6 4.
Bg5 dxe4 5. Nxe4 Be7 6. Nxf6+ Bxf6 7. Bxf6 Qxf6 8. Qd3 Bd7 9. Nf3 Bc6 10. Ne5 O-O 11. f3 Rd8 12. O-O-O Nd7 13. Nxc6 bxc6 14. Qe4 c5 15. Bd3 cxd4 16. Qxh7+ Kf8 17. Kb1 Nc5 18.
g4 Nxd3 19. Rxd3 Rab8 20. h4 c5 21. g5 Qg6 22. Qxg6 fxg6 23. Re1 Ke7 24. c3 Rd5 25. cxd4 cxd4 26. Rc1 Kd6 27. Rc4 e5 28. Ra4 a5 29.
b3 Rh8 30. f4 Rxh4 31. fxe5+ Kxe5 32. b4 axb4 33. Rxb4 Ke4 34. Rd2 Ke3 35. Rd1 Ke2 36.
Rg1 Rf4 37. Rb2+ Kd3 38. Re1 Rdf5 39. Rd1+ Kc4 40. Rc2+ Kd5 41. Rcd2 Rxg5 42. Kb2 Re5 43. Kb3 Re3+ 44. Kb4 d3+ 45. Kb5 Ke4 46. a4 Rf5+ 47. Kb4 Rf8 48. a5 Rb8+ 49. Ka4 Ra8 50. Kb5 Rb8+ 51. Ka6 Rc8 52. Kb7 Rc2 53. a6 Rxd2 54.
Rxd2 Re2 55. Rd1 Rb2+ 56. Kc6 Ra2 57. Kb7 Ke3 58. Re1+ Kd2 59. Re7 Kc2 60. Rc7+ Kd1 61. a7 d2 62. Rxg7 Kc1 63. Rc7+ Rc2 64. Rxc2+ Kxc2 65.
a8=Q d1=Q 66. Qh8 Qd5+ 67. Kb6 Qe6+ 68. Kc7 Kd3 69. Kd8 Ke4 70. Qh1+ Kf5 71. Qf3+ Ke5 72. Qe3+ Kf6 73. Qc3+ Qe5 74. Qh3 g5 75. Kd7 Qf5+ 76. Qxf5+ Kxf5 77. Kd6 g4 0-1

[Event "Early-Titled-Tuesday-Blitz-February-27-2024"]
[Site "Chess.com"]
[Date "2024.02.27"]
[Round "8"]
[White "DenLaz"]
[Black "1977Ivan"]
[Result "1-0"]
[WhiteElo "3021"]
[BlackElo "2737"]
[TimeControl "180+1"]
[EndTime "9:29:30 PST"]
[Termination "DenLaz won by checkmate"]

1. d4 Nf6 2. c4 d6 3. Nf3 Nc6 4. Nc3 e5 5. d5 Ne7 6. e4 Ng6 7. g3 Be7 8. h4 h6 9. Be2 c6 10.
h5 Nf8 11. c5 N8h7 12. dxc6 bxc6 13. cxd6 Bxd6 14. Nh4 O-O 15. Be3 Be6 16. Qc2 Qe7 17. O-O Ng5 18. Rfd1 Rfd8 19. Nf5 Bxf5 20. exf5 e4 21. Kg2 Bc5 22. Qc1 Bxe3 23. Qxe3 Qe5 24. Qf4 Qxf4 25. gxf4 Ngh7 26. Rxd8+ Rxd8 27. Rd1 Rxd1 28.
Bxd1 Kf8 29. Kf1 Ke7 30. Ke1 Kd6 31. Kd2 Kc5 32. a3 Nf8 33. b4+ Kc4 34. Kc2 N8d7 35. Be2+ Kd4 36. Bd1 Nd5 37. Ne2+ Kc4 38. Ng3 e3 39.
Be2+ Kd4 40. fxe3+ Nxe3+ 41. Kd2 Nd5 42. Bf3 N7f6 43. Ne2+ Kc4 44. Kc2 c5 45. bxc5 Kxc5 46. Kd3 Nb6 47. Nc3 Nfd5 48. Ne4+ Kc6 49. Nc3 Kd6 50.
Nb5+ Kc5 51. Nxa7 Nc4 52. Bxd5 Kxd5 53. Nb5 Nb6 54. Nc3+ Kc5 55. Ke4 Nc4 56. a4 Nd2+ 57. Kd3 Nc4 58. Ne4+ Kb4 59. f6 gxf6 60. Nxf6 Nd6 61.
Kd4 Nf5+ 62. Ke5 Ng3 63. f5 Kxa4 64. Kf4 Ne2+ 65. Kf3 Nd4+ 66. Kg4 Kb5 67. Ng8 Kc6 68. Nxh6 Kd7 69. Nxf7 Ke7 70. Ng5 Kf6 71. Ne4+ Ke5 72. Ng3 Kf6 73. h6 Nc6 74. Ne4+ Kf7 75. Kg5 Ne5 76.
Nd6+ Kg8 77. f6 Nd7 78. Kg6 Kh8 79. Nf7+ Kg8 80. h7+ Kf8 81. h8=Q# 1-0

[Event "Early-Titled-Tuesday-Blitz-February-27-2024"]
[Site "Chess.com"]
[Date "2024.02.27"]
[Round "8"]
[White "PabloZarnicki"]
[Black "kuba2006"]
[Result "0-1"]
[WhiteElo "2628"]
[BlackElo "2503"]
[TimeControl "180+1"]
[EndTime "9:29:30 PST"]
[Termination "kuba2006 won on time"]

1. e4 Nf6 2. e5 Nd5 3. Nc3 Nxc3 4. bxc3 d6 5. f4 Bf5 6. d4 dxe5 7. fxe5 e6 8. Rb1 Qh4+ 9. Ke2 Nc6 10. Nf3 Qe4+ 11. Be3 O-O-O 12. Kf2 Qxc2+ 13. Qxc2 Bxc2 14. Rb2 Be4 15.
Ng5 Bg6 16. h4 h6 17. Nf3 a6 18. h5 Be4 19. Rh4 Bf5 20. g4 Bh7 21. Bg2 Be7 22.
Rh1 f6 23. Re1 Rhf8 24. Kg1 Na5 25. exf6 Bxf6 26. Ne5 Bxe5 27. dxe5 Rd3 28. Bd4 Rg3 29. Kh2 Rxg4 30. Bh3 Rh4 31. Kg3 Rxh5 32. Bxe6+ Kb8 33.
Bg4 Rg5 34. e6 h5 35. e7 Rxg4+ 36. Kh3 Re8 37. Rf2 Bg6 38. Rf8 Nc6 39. Re6 Nxe7 40.
Rxe8+ Bxe8 41. Rxe7 Bc6 42. Rxg7 Rxg7 43. Bxg7 b6 44. Be5 Bf3 45. Kh4 Kb7 46. Kg3 Bg4 47.
Bf6 Kc6 48. Kf4 Kd5 49. Ke3 c6 50. Bd8 b5 51. Kd3 Bf5+ 52. Kd2 Kc4 53. a3 Bb1 54. Be7 Bf5 55. Bd8 Kb3 56. Be7 Kb2 57. c4 bxc4 58. Bf6+ Kxa3 59. Kc3 Be6 60. Be7+ Ka2 61. Bd8 Kb1 62.
Bg5 a5 63. Bd8 a4 64. Kb4 Kc2 65. Kxa4 c3 66. Kb4 Kd3 67. Bg5 c2 68. Kc5 h4 69.
Kxc6 h3 70. Kd6 h2 71. Kxe6 h1=Q 72. Bf6 c1=Q 73. Be5 Qcc6+ 74. Bd6 Qh7 75. Kf6 Qh6+ 76. Kf5 Qhxd6 77. Kg5 Qdd5+ 78. Kf4 Qcc4+ 79. Kg3 Qce4 0-1